 Dungeon Crawl Stone Soup version 0.31-a0-848-gaac375c287 (webtiles) character file.

Game seed: 5171011810600872197

2727 Ge0ff the Mimic (level 9, 0/87 HPs)
             Began as an Octopode Berserker on Oct 4, 2023.
             Was an Elder of Trog.
             Slain by a fire elemental (1 damage)
             ... summoned by a deep elf pyromancer
             ... on level 7 of the Dungeon.
             The game lasted 00:12:37 (7602 turns).

Ge0ff the Mimic (Octopode Berserker)                Turns: 7602, Time: 00:12:38

Health: 0/87       AC:  1    Str: 21    XL:     9   Next: 67%
Magic:  9/9        EV: 13    Int:  9    God:    Trog [****..]
Gold:   246        SH:  0    Dex: 11    Spells: 8/8 levels left

rFire   . .          .
                       - Unarmed
rCold   + . .        (shield currently unavailable)
rNeg    + . .        (helmet restricted)
rPois   .            (no amulet)
rElec   .            a - ring of willpower
rCorr   .            c - ring of protection from cold
SInv    +            W - ring of see invisible
Will    +....        G - ring of positive energy Stlth
                     (no ring)
HPRegen 0.34/turn    (no ring)
MPRegen 0.11/turn    (no ring)
                     (no ring)

%: no passive effects
@: berserking, on fire, flux-form, glowing, studying Polearms, very quick
A: glow, contaminating, almost no armour, amphibious, 8 rings, camouflage 1,
gelatinous body 1, (nimble swimmer 1), tentacles
a: Begin Untransformation, Renounce Religion, Berserk, Trog's Hand, Brothers in
Arms


You were on level 7 of the Dungeon.
You worshipped Trog.
Trog was greatly pleased with you.
You were something dangerously unstable.
You visited 1 branch of the dungeon, and saw 7 of its levels.

You collected 384 gold pieces.
You spent 138 gold pieces at shops.

Inventory:

Hand Weapons
 j - a +0 hand axe of electrocution
 F - a +3 vampiric trident
 K - a +1 dagger of flaming
Missiles
 d - 30 stones (quivered)
 p - 10 poisoned darts
 O - 5 atropa-tipped darts
 X - 7 boomerangs
Jewellery
 a - a ring of willpower (left tentacle)
 c - a ring of protection from cold (right tentacle)
 f - a ring of fire
 G - a ring of positive energy (on tentacle)
 W - a ring of see invisible (on tentacle)
Talismans
 H - a flux talisman (active)
 R - a maw talisman
Wands
 e - a wand of charming (5)
 P - a wand of polymorph (7)
Scrolls
 h - a scroll of torment
 m - 2 scrolls of revelation
 y - a scroll of immolation
 B - a scroll of blinking
 C - 4 scrolls of poison
 E - a scroll of fear
 J - a scroll of enchant weapon
 N - a scroll of brand weapon {unknown}
 T - 5 scrolls of teleportation
 U - a scroll of fog {unknown}
 V - a scroll of vulnerability
 Y - a scroll of summoning {unknown}
Potions
 g - a potion of resistance {unknown}
 o - 4 potions of heal wounds {unknown}
 u - 2 potions of mutation {!q}
 D - a potion of attraction {unknown}
 I - a potion of brilliance {unknown}
 L - 3 potions of lignification
 M - a potion of berserk rage {unknown}
 Q - 2 potions of haste {unknown}
 S - a potion of enlightenment {unknown}
 Z - a potion of curing {unknown}


   Skills:
 + Level 3.9 Fighting
 - Level 3.0 Dodging
 - Level 2.0 Stealth
 - Level 7.0 Unarmed Combat
 - Level 10.0 Shapeshifting


You had 8 spell levels left.
You didn't know any spells.
Your spell library contained the following spells:

 Spells                   Type           Power      Damage    Failure   Level
 Apportation              Tloc           0%         N/A       38%         1
 Necrotise                Necr           0%         1d4       38%         1
 Summon Small Mammal      Summ           0%         N/A       38%         1
 Blink                    Tloc           0%         N/A       52%         2
 Call Canine Familiar     Summ           0%         N/A       77%         3
 Summon Guardian Golem    Hex/Summ       0%         N/A       77%         3
 Tukima's Dance           Hex            0%         N/A       77%         3
 Manifold Assault         Tloc           0%         N/A       99%         4
 Passage of Golubria      Tloc           0%         N/A       99%         4
 Yara's Violent Unravell  Hex/Tmut       0%         3d3       100%        5


Dungeon Overview and Level Annotations

Branches:
Dungeon (7/15) Zot: 25704  Temple (0/1) D:4

Altars:
Nemelex Xobeh
Okawaru
Yredelemnul

Shops:
D:3 ?   D:4 [


Innate Abilities, Weirdness & Mutations

You are something dangerously unstable.
You glow with magical radiation, making you easy to see and hit.
Foes you strike become dangerously contaminated with magical radiation.
You are incapable of wielding weapons or throwing items.
You cannot wear most types of armour.
You are amphibious.
You can wear up to eight rings at the same time.
Your skin changes colour to match your surroundings (Stealth+).
Your rubbery body absorbs attacks. (AC +1, EV +1)
((You are camouflaged when in or above water. (Stealth+)))
You have tentacles for arms and can constrict up to eight enemies at once.


Message History

What are your orders? t - Shout!
Orders for allies: a - Attack new target. r - Retreat! s - Stop attacking. g - Guard the area. f - Follow me.
Anything else - Cancel.
You shout for attention!
What are your orders? t - Shout!
Orders for allies: a - Attack new target. r - Retreat! s - Stop attacking. g - Guard the area. f - Follow me.
Anything else - Cancel.
You shout for attention!
You now have 246 gold pieces (gained 11).
A deep elf pyromancer is nearby!
The deep elf pyromancer casts a spell.
You see here a manual of Polearms.
You pick up a manual of Polearms and begin studying.
The fire elemental closely misses you. The fire elemental barely misses you.
Use which ability? (? or * to list)
A red film seems to cover your vision as you go berserk!
You feel yourself moving faster!
You feel mighty! The fire elemental hits you. The fire elemental burns you!
The deep elf pyromancer points at you and mumbles some strange words.
The bolt of fire hits you!!
You tentacle-slap the deep elf pyromancer.
The deep elf pyromancer begins to glow.
Your grab misses the deep elf pyromancer.
You squeeze the deep elf pyromancer!
The deep elf pyromancer is moderately wounded.
The fire elemental hits you. The fire elemental burns you!
The fire elemental hits you. The fire elemental burns you!
* * * LOW HITPOINT WARNING * * *
The deep elf pyromancer gestures at you while chanting.
The sticky flame hits you.
You are covered in liquid flames!
* * * LOW HITPOINT WARNING * * *
You tentacle-slap the deep elf pyromancer.
The deep elf pyromancer glows dangerously bright.
Your grab misses the deep elf pyromancer.
Your squeeze misses the deep elf pyromancer.
The deep elf pyromancer is heavily wounded.
You are covered in liquid flames!
* * * LOW HITPOINT WARNING * * *
The fire elemental hits you. The fire elemental burns you!
* * * LOW HITPOINT WARNING * * *
The fire elemental hits you.
You die...

..##.#.......# #.###
..##.#.####### ##....#
..##.......# ##.[.#..#
####.##)...# ##..#.. .#
#.##....#####)†..#.. #
#..+....○.°°.....##.. #
#.##....###.......#...
####.##....##.○eE8...##..#
#....##....#...Ep....#
.....###.....#......##
.##### #####..##...##
.##### ##. #####
.....#########
...........#
...........###
.............###
....#..........#


You could see a deep elf pyromancer (heavy contam) and 2 fire elementals.

Vanquished Creatures
  Jeremiah (D:6)
  A wraith (D:7)
  A steam dragon (D:7)
  2 orc warriors
  2 black bears
  4 ice beasts
  A sky beast (D:7)
  2 ogres (D:6)
  A centaur (D:7)
  A bullfrog (D:7)
  2 scorpions (D:6)
  2 gnoll sergeants
  A bullfrog zombie (D:5)
  2 hounds (D:7)
  4 orc priests
  4 iguanas
  2 sleepcaps
  6 orc wizards
  A scorpion zombie (D:5)
  4 adders
  4 gnolls (D:6)
  A white imp (D:7)
  An ufetubus (D:4)
  3 worms
  4 dart slugs
  38 orcs
  5 ball pythons
  6 bats
  6 endoplasms
  3 giant cockroaches (D:1)
  14 hobgoblins
  4 jackals (D:2)
  10 kobolds
  5 quokkas
  4 frilled lizards
  10 goblins
  8 rats
170 creatures vanquished.

Vanquished Creatures (others)
  A hound (D:7)
1 creature vanquished.

Grand Total: 171 creatures vanquished

Notes
Turn   | Place    | Note
-------+----------+-------------------------------------------
     0 | D:1      | Ge0ff the Octopode Berserker began the quest for the Orb.
     0 | D:1      | Reached XP level 1. HP: 16/16 MP: 1/1
    83 | D:1      | Reached skill level 1 in Stealth
   183 | D:1      | Reached XP level 2. HP: 20/21 MP: 2/2
   384 | D:1      | Reached XP level 3. HP: 20/26 MP: 3/3
   752 | D:2      | Reached ** piety under Trog
   972 | D:2      | Reached XP level 4. HP: 29/31 MP: 4/4
  1710 | D:3      | Reached *** piety under Trog
  1834 | D:3      | You fall into a shaft and drop 3 floors!
  1841 | D:6      | Noticed an ogre
  1849 | D:6      | Killed an ogre
  1850 | D:6      | Reached skill level 5 in Unarmed Combat
  1850 | D:6      | Reached skill level 1 in Shapeshifting
  1850 | D:6      | Reached XP level 5. HP: 36/36 MP: 5/5
  1888 | D:6      | Noticed Jeremiah
  1996 | D:6      | Reached skill level 2 in Shapeshifting
  1996 | D:6      | Reached XP level 6. HP: 42/42 MP: 6/6
  2161 | D:5      | Entered Level 5 of the Dungeon
  2344 | D:5      | Reached skill level 3 in Shapeshifting
  2365 | D:4      | Found a staircase to the Ecumenical Temple.
  2766 | D:3      | Found Tiownouf's Magic Scroll Emporium.
  2785 | D:3      | Bought a scroll of revelation for 90 gold pieces
  2785 | D:3      | Bought a scroll of identify for 24 gold pieces
  2785 | D:3      | Bought a scroll of identify for 24 gold pieces
  3141 | D:4      | Found Ysosiys's Armour Shop.
  3199 | D:4      | Reached XP level 7. HP: 46/46 MP: 7/7
  3820 | D:4      | Reached **** piety under Trog
  4101 | D:5      | Reached skill level 4 in Shapeshifting
  4111 | D:5      | Found a basalt altar of Yredelemnul.
  4462 | D:5      | Found an iron altar of Okawaru.
  5030 | D:6      | Reached skill level 5 in Shapeshifting
  5030 | D:6      | Reached XP level 8. HP: 42/52 MP: 8/8
  5219 | D:6      | Found a faded altar of an unknown god.
  5326 | D:6      | Reached skill level 6 in Shapeshifting
  5614 | D:6      | Reached skill level 7 in Shapeshifting
  5807 | D:6      | Killed Jeremiah
  5808 | D:6      | Reached skill level 8 in Shapeshifting
  5808 | D:6      | Reached XP level 9. HP: 56/56 MP: 9/9
  6638 | D:7      | Reached skill level 9 in Shapeshifting
  7203 | D:7      | Found a sparkling altar of Nemelex Xobeh.
  7412 | D:7      | Noticed a deep elf pyromancer
  7421 | D:7      | Reached skill level 10 in Shapeshifting
  7602 | D:7      | HP: 1/87 [fire elemental[a deep elf pyromancer] (13)]
  7602 | D:7      | Slain by a fire elemental

Illustrated notes

Levels and vault maps discovered:
D:1:      sevenhm_arrival_forest_fort_large_1, layout_basic,
          amcnicky_mini_rare_corridor_liquid
D:2:      minmay_razor_zed, layout_basic
D:3:      layout_rooms, serial_shops, shop, kennysheep_generic_room_14
D:4:      layout_loops_ring, minmay_temple_entry_junction, serial_shops, shop,
          kennysheep_generic_room_4
D:5:      layout_gridville, lemuel_zombie_altar_yredelemnul,
          kennysheep_okawaru_gauntlet
D:6:      minmay_inner_zag, layout_cave_pods, serial_column_ruins,
          column_ruins_hut_ruined, column_ruins_temple_hall,
          column_ruins_corridor_straight, column_ruins_corridor_straight,
          column_ruins_columns_T, column_ruins_open_medium, column_ruins_grid_1,
          column_ruins_grid_2, uniq_jeremiah
D:7:      layout_basic, mainiacjoe_overflow_boulevard, minmay_manual_moon

Skill      XL: |  1  2  3  4  5  6  7  8  9 |
---------------+----------------------------+-----
Stealth        | 2 |  2.0
Unarmed Combat | 4 5 6 7 |  7.0
Shapeshifting  | 1 2 3 5 8 10 | 10.0
Fighting       | |  3.9
Dodging        | |  3.0

Action                     |  1- 3 |  4- 6 |  7- 9 || total
---------------------------+-------+-------+-------++-------
  Melee: Unarmed           |    78 |    98 |   167 ||   343
         Tentacles         |    16 |    21 |    55 ||    92
         Constrict         |    16 |    29 |    47 ||    92
         Punch             |     1 |     2 |     5 ||     8
  Throw: Dart              |       |     2 |     1 ||     3
         Stone             |       |       |     4 ||     4
 Invoke: Berserk           |       |     2 |     7 ||     9
  Evoke: Wand              |       |       |     6 ||     6
    Use: Scroll            |       |     6 |     6 ||    12
   Stab: Sleeping          |    11 |     9 |     2 ||    22
         Distracted        |       |       |     1 ||     1
 Armour: Skin              |    23 |    32 |   109 ||   164
  Dodge: Dodged            |    33 |    54 |    86 ||   173
   Form: Flux              |       |       |     1 ||     1

Table legend: (Time is in decaauts)
 A = Elapsed time spent in this place.
 B = Non-inter-level travel time spent in this place.
 C = Inter-level travel time spent in this place.
 D = Time resting spent in this place.
 E = Time spent auto-exploring this place.
 F = Levels seen in this place.
 G = Mean time per level.
                   A        B        C        D        E       F      G
               +--------+--------+--------+--------+--------+-----+--------+
         Total |   7658 |   7214 |    444 |    400 |   5372 |   7 | 1094.0 |
       Dungeon |   7658 |   7214 |    444 |    400 |   5372 |   7 | 1094.0 |
               +--------+--------+--------+--------+--------+-----+--------+

Top non-repeatable levels by time:
     D:6: 2229 daAuts
     D:5: 1127 daAuts
     D:2: 1055 daAuts
     D:4: 1011 daAuts
     D:7: 970 daAuts
     D:1: 687 daAuts
     D:3: 576 daAuts
